 Dungeon Crawl Stone Soup version 0.29.1-4-g47bece8355 (webtiles) character file.

Game seed: 9533072742725317692

40 ChrisAssaf the Firebug (level 3, 0/24 HPs)
             Began as a Human Fire Elementalist on Dec 9, 2022.
             Was an Initiate of Gozag.
             Slain by a giant cockroach (1 damage)
             ... on level 2 of the Dungeon.
             The game lasted 00:08:53 (1869 turns).

ChrisAssaf the Firebug (Human Fire Elementalist)    Turns: 1869, Time: 00:08:54

Health: 0/24       AC:  3    Str:  8    XL:     3   Next: 72%
Magic:  2/6        EV: 12    Int: 17    God:    Gozag
Gold:   108        SH:  0    Dex: 13    Spells: 0/6 levels left

rFire   . . .      SeeInvis .   b - +0 lajatang (flame)
rCold   . . .      Faith    .   (shield currently unavailable)
rNeg    . . .      Spirit   .   a - +1 robe
rPois   .          Reflect  .   (no helmet)
rElec   .          Harm     .   (no cloak)
rCorr   .          Rampage  .   (no gloves)
Will    .....                   (no boots)
Stlth   ++........              (no amulet)
HPRegen 0.08/turn               (no ring)
MPRegen 0.10/turn               (no ring)

@: no status effects
A: no striking features
a: Renounce Religion, Potion Petition, Call Merchant, Bribe Branch


You were on level 2 of the Dungeon.
You worshipped Gozag.
Gozag was aware of your devotion.
You visited 2 branches of the dungeon, and saw 5 of its levels.

You collected 174 gold pieces.
You paid 66 gold pieces to Gozag.

Inventory:

Hand Weapons
 b - a +0 lajatang of flaming (weapon)
Armour
 a - a +1 robe (worn)
Potions
 d - a potion of might {unknown}


   Skills:
 * Level 0.6 Armour
 * Level 2.2 Dodging
 * Level 2.2 Stealth
 * Level 2.4 Spellcasting
 * Level 1.2 Conjurations
 * Level 0.1 Hexes
 * Level 3.4 Fire Magic


You couldn't memorise any spells.
You knew the following spells:

 Your Spells              Type           Power      Damage    Failure   Level
a - Foxfire               Conj/Fire      40%        2x1d6     7%          1
b - Scorch                Fire           26%        2d6       7%          2
c - Inner Flame           Hex/Fire       8%         N/A       26%         3

Your spell library contained the following spells:

 Spells                   Type           Power      Damage    Failure   Level
 Conjure Flame            Conj/Fire      10%        6-21      22%         3
 Flame Wave               Conj/Fire      10%        2d6       56%         4


Dungeon Overview and Level Annotations

Branches:
Dungeon (4/15)             Temple (1/1) D:4

Altars:
Dithmenos
Elyvilon
Fedhas
Gozag
Hepliaklqana
Kikubaaqudgha
Nemelex Xobeh
Okawaru
Qazlal
Ru
Sif Muna
Trog
Uskayaw
Vehumet
Wu Jian
Xom
Yredelemnul
Zin


Message History

The black bear claws you.
The black bear attacks as you move away!
The black bear closely misses you.
The black bear claws you but does no damage.
The black bear claws you.
The black bear attacks as you move away!
The black bear bites you but does no damage.
The black bear barely misses you. The black bear claws you.
The giant cockroach bites you but does no damage.
There is a stone staircase leading up, spattered with blood here.
The giant cockroach is distracted by your dazzling golden aura.
The black bear barely misses you. x2; The black bear claws you.
You climb upwards.
There is a stone staircase leading down here.
The black bear attacks as you move away!
The black bear bites you. The black bear claws you. x2
The giant cockroach attacks as you move away!
The giant cockroach closely misses you.
The giant cockroach is no longer distracted by gold.
The black bear attacks as you move away!
The black bear bites you.
* * * LOW HITPOINT WARNING * * *
The black bear closely misses you. The black bear claws you.
* * * LOW HITPOINT WARNING * * *
The giant cockroach attacks as you move away!
The giant cockroach bites you but does no damage.
The giant cockroach attacks as you move away!
The giant cockroach barely misses you. The giant cockroach bites you.
* * * LOW HITPOINT WARNING * * *
The giant cockroach attacks as you move away!
The giant cockroach barely misses you. The black bear misses you.
The black bear barely misses you. The black bear claws you.
* * * LOW HITPOINT WARNING * * *
The giant cockroach attacks as you move away!
The giant cockroach bites you but does no damage.
The giant cockroach closely misses you. The giant cockroach bites you.
You die...
Your body crumbles into a pile of gold.

############ ### #......[...##
### #.# #...........# #.. ..#
#.8.....8.B.# #.###.#
#.........#@# #.#....
#.........#.# #.#....
#....>....#.# ##...#.#
###.........#.#########.......
..............................
..#.8.....8.#########.#.##.##.
............# #.#.##.###
############# ....##.# #
.#.####.# #


You could see a giant cockroach.

Vanquished Creatures
  An adder (D:2)
  A worm (D:4)
  5 orcs
  3 endoplasms
  A giant cockroach (D:4)
  6 hobgoblins (D:3)
  A quokka (D:4)
  A frilled lizard (D:3)
  A kobold (D:1)
  A rat (D:2)
21 creatures vanquished.

Vanquished Creatures (others)
  15 foxfires
15 creatures vanquished.

Grand Total: 36 creatures vanquished

Notes
Turn   | Place    | Note
-------+----------+-------------------------------------------
     0 | D:1      | ChrisAssaf the Human Fire Elementalist began the quest for
                  | the Orb.
     0 | D:1      | Reached XP level 1. HP: 13/13 MP: 3/3
   145 | D:2      | Reached XP level 2. HP: 13/19 MP: 3/5
   148 | D:2      | Learned a level 2 spell: Scorch
   486 | D:3      | Reached XP level 3. HP: 24/24 MP: 2/6
   526 | D:3      | Learned a level 3 spell: Inner Flame
   958 | D:4      | Found a staircase to the Ecumenical Temple.
   985 | Temple   | Entered the Ecumenical Temple
  1071 | Temple   | Became a worshipper of Gozag Ym Sagoz the Greedy
  1842 | D:3      | Noticed a black bear
  1865 | D:2      | HP: 1/24 [black bear (2)]
  1869 | D:2      | Slain by a giant cockroach

Illustrated notes

Levels and vault maps discovered:
D:1:      ncdulo_wetmaze, layout_basic, shapermc_ecumenical_altar_notcrosses,
          chequers_garden
D:2:      layout_basic, solitary_fountain, corexii_item_surrounded_by_moat,
          st_stairs_1, amcnicky_mini_corridor_feature, hex_large,
          dk_noncrumbling_3, hangedman_decor_lopped, uniq_crazy_yiuf_cottage,
          uniq_jessica
D:3:      layout_basic, minmay_misc_feat_secret_circle
D:4:      layout_loops_ring, minmay_temple_entry_grid
Temple:   nicolae_temple_bog_church

Action                   || total
-------------------------++-------
Melee: Lajatang          ||     8
 Cast: Foxfire           ||     9
       Scorch            ||    24
  Use: Potion            ||     2
       Scroll            ||     7
 Stab: Sleeping          ||     2
Armor: Robe              ||    15
Dodge: Dodged            ||    48
